 Dungeon Crawl Stone Soup version 0.21-a0-404-g291f19a (webtiles) character file.

30 wisey the Shooter (level 3, -2/29 HPs)
             Began as a Centaur Hunter on Oct 26, 2017.
             Slain by an adder (3 damage)
             ... on level 2 of the Dungeon.
             The game lasted 00:07:13 (1319 turns).

wisey the Shooter (Centaur Hunter)                  Turns: 1319, Time: 00:07:14

Health: -2/29      AC:  4    Str: 15    XL:     3   Next: 3%
Magic:  3/3        EV:  9    Int: 10    God:
Gold:   39         SH:  0    Dex:  9    Spells: 2/2 levels left

rFire    . . .     SeeInvis .   a - +1 shortbow
rCold    . . .     Gourm    .   (shield currently unavailable)
rNeg     . . .     Faith    .   c - +0 leather armour
rPois    .         Spirit   .   (no helmet)
rElec    .         Reflect  .   (no cloak)
rCorr    .         Harm     .   (no gloves)
MR       .....                  (no barding)
Stlth    +.........             (no amulet)
HPRegen  0.09/turn              (no ring)
MPRegen  0.08/turn              (no ring)

@: lethally poisoned (-2 -> -8), very quick
A: hooves 3, deformed body, speed 2, tough skin 3
a: no special abilities


You were on level 2 of the Dungeon.
You were hungry.

You visited 1 branch of the dungeon, and saw 2 of its levels.

You collected 39 gold pieces.

Inventory:

Hand Weapons
 a - a +1 shortbow (weapon)
 b - a +0 short sword
Missiles
 d - 34 arrows (quivered)
Armour
 c - a +0 leather armour (worn)
Scrolls
 e - a scroll of remove curse {unknown}
 g - a scroll of identify {unknown}
 i - a scroll of noise {unknown}
 j - a scroll of recharging {unknown}
 k - a scroll of enchant armour {unknown}
 o - a scroll of teleportation {unknown}
Potions
 n - a potion of brilliance {unknown}
Comestibles
 f - 2 bread rations
 h - a royal jelly


   Skills:
 + Level 2.0 Fighting
 + Level 6.2 Bows
 + Level 0.2 Armour
 + Level 1.7 Dodging
 + Level 0.4 Stealth


You had 2 spell levels left.
You didn't know any spells.

Dungeon Overview and Level Annotations

Branches:
Dungeon (2/15)

Altars:


Innate Abilities, Weirdness & Mutations

You have hooves in place of feet.
Armour fits poorly on your strangely shaped body.
You cover ground very quickly.
You have extremely tough skin. (AC +3)


Message History

The adder barely misses you. x2; The bat hits you but does no damage.
You completely miss the bat. The bat hits you but does no damage.
The bat barely misses you. The adder misses you.
The crimson imp blinks!
The bat hits you.
* * * LOW HITPOINT WARNING * * *
The adder bites you but does no damage. The bat hits you but does no damage.
You closely miss the bat. The bat closely misses you. The adder bites you.
* * * LOW HITPOINT WARNING * * *
The bat closely misses you. The adder barely misses you.
You completely miss the bat. Your kick misses the bat.
The bat hits you but does no damage. x3; The adder bites you.
* * * LOW HITPOINT WARNING * * *
You are lethally poisoned!
The adder poisons you! The adder closely misses you.
The bat hits you but does no damage.
You clumsily bash the bat but do no damage.
* * * LOW HITPOINT WARNING * * *
You feel sick. The bat closely misses you. The bat hits you but does no damage.
The adder bites you.
You die...

##+#...#..$...
#.#..........
#..S......###
#.........#
#.......#.#
#.......#.#
#S#.......#
#S#########
#b@..5....
##########


You could see a crimson imp, 2 adders and a bat.

Vanquished Creatures
  A dart slug (D:1)
  A leopard gecko (D:1)
  2 giant cockroaches (D:1)
  2 goblins (D:1)
  3 hobgoblins (D:1)
  4 jackals (D:1)
  4 bats (D:1)
  A frilled lizard (D:1)
  3 kobolds (D:1)
  5 rats
26 creatures vanquished.

Notes
Turn   | Place    | Note
-------+----------+-------------------------------------------
     0 | D:1      | wisey the Centaur Hunter began the quest for the Orb.
     0 | D:1      | Reached XP level 1. HP: 17/17 MP: 1/1
   245 | D:1      | Reached XP level 2. HP: 16/24 MP: 2/2
   364 | D:1      | Reached skill level 6 in Bows
   933 | D:1      | Reached XP level 3. HP: 5/29 MP: 3/3
  1318 | D:2      | HP: 1/29 [adder (2)]
  1319 | D:2      | Slain by an adder

Vault maps used:
D:1:      eino_arrival_water_cross
D:2:      led_sif_pool

Skill      XL: |  1  2 |
---------------+-------+-----
Bows           | 6 |  6.2
Fighting       | |  2.0
Armour         | |  0.2
Dodging        | |  1.7
Stealth        | |  0.4

Action                   || total
-------------------------++-------
Melee: Shortbow          ||    91
       Kick              ||    28
 Fire: Shortbow          ||    44
  Use: Potion            ||     1
Armor: Leather armour    ||   109
Dodge: Dodged            ||    93

Table legend:
 A = Spawn XP
 B = Non-spawn XP
 C = Spawn XP percentage of total XP
 D = Spawn monster count
 E = Non-spawn monster count
 F = Spawn count percentage of total count
 G = Total turns spent on level
                    A         B        C        D         E        F      G
               +---------+---------+-------+---------+---------+-------+---------
         Total |       0 |      43 |   0.0 |       0 |      26 |   0.0 |  1319
               +---------+---------+-------+---------+---------+-------+---------
           D:1 |       0 |      42 |   0.0 |       0 |      25 |   0.0 |  1250
           D:2 |       0 |       1 |   0.0 |       0 |       1 |   0.0 |    69
               +---------+---------+-------+---------+---------+-------+---------
